 Dungeon Crawl Stone Soup version 0.30.0-16-gbe6223bb7e (webtiles) character file.

Game seed: 8977354635865417791

81 croobank the Vexing (level 4, -1/33 HPs)
             Began as a Formicid Hexslinger on May 20, 2023.
             Was a Believer of Cheibriados.
             Slain by a gnoll
             ... wielding a +0 spear
              (8 damage)
             ... on level 3 of the Dungeon.
             The game lasted 00:09:34 (1757 turns).

croobank the Vexing (Formicid Hexslinger)           Turns: 1757, Time: 00:09:35

Health: -1/33      AC:  2    Str: 23    XL:     4   Next: 68%
Magic:  2/6        EV: 13    Int: 19    God:    Cheibriados [**....]
Gold:   50         SH:  0    Dex: 18    Spells: 2/6 levels left

rFire   . . .        b - +1 sling
rCold   . . .        (no shield)
rNeg    . . .        c - +0 robe
rPois   .            (helmet unavailable)
rElec   .            (no cloak)
rCorr   .            (no gloves)
SInv    +            (no boots)
Will    .....        (no amulet)
Stlth   ++           (no ring)
HPRegen 0.25/turn    (no ring)
MPRegen 0.10/turn

%: no passive effects
@: very slow
A: permanent stasis, dig shafts and tunnels, antennae 3, four strong arms, low
MP 1, strong 1
a: Dig, Shaft Self, Renounce Religion, Bend Time


You were on level 3 of the Dungeon.
You worshipped Cheibriados.
Cheibriados was pleased with you.
You visited 1 branch of the dungeon, and saw 3 of its levels.

You collected 50 gold pieces.

Inventory:

Hand Weapons
 a - a +0 short sword
 b - a +1 sling (weapon)
 o - a +0 long sword
Armour
 c - a +0 robe (worn)
 n - a +1 leather armour
Jewellery
 i - a ring of wizardry
 k - an amulet of reflection
Scrolls
 e - a scroll of identify
 g - a scroll of poison
Potions
 d - a potion of brilliance
 h - a potion of lignification
 l - a potion of cancellation
 p - a potion of attraction
 q - 2 potions of haste {unknown}


   Skills:
 + Level 2.0 Fighting
 + Level 2.7 Ranged Weapons
 + Level 2.4 Dodging
 + Level 1.9 Spellcasting
 + Level 4.2 Hexes
 + Level 0.0 Fire Magic


You had 2 spell levels left.
You knew the following spells:

 Your Spells              Type           Power      Damage    Failure   Level
a - Slow                  Hex            72%        N/A       3%          1
b - Inner Flame           Hex/Fire       9%         N/A       22%         3

Your spell library contained the following spells:

 Spells                   Type           Power      Damage    Failure   Level
 Necrotise                Necr           4%         1d4       17%         1
 Scorch                   Fire           2%         2d5       26%         2
 Portal Projectile        Hex/Tloc       18%        N/A       22%         3
 Cause Fear               Hex            9%         N/A       28%         4
 Vampiric Draining        Necr           1%         2d6       45%         3
 Flame Wave               Conj/Fire      1%         2d4       86%         4
 Agony                    Necr           1%         N/A       99%         5
 Summon Cactus Giant      Summ           0%         N/A       100%        6


Dungeon Overview and Level Annotations

Branches:
Dungeon (3/15)

Altars:
Cheibriados

Shops:
D:2 [


Innate Abilities, Weirdness & Mutations

You cannot be hasted, slowed, berserked, paralysed or teleported.
You can dig through walls and to a lower floor.
You have a pair of large antennae on your head. (SInv)
Your four strong arms can wield two-handed weapons with a shield.
Your magical capacity is low. (-10% MP)
Your muscles are strong. (Str +4, Int/Dex -1)


Message History

Aim: a gnoll, wielding a +2 flail of protection (chance to affect: 60%)
The gnoll resists with significant effort.
The gnoll hits you with a +2 flail of protection!
Casting: Slow (safe; 3% risk of failure)
Confirm with . or Enter, or press ? or * to list all spells.
Aiming: Slow (safe; 3% risk of failure)
Press: ? - help, Shift-Dir - straight line, f/p - gnoll
Aim: a gnoll, wielding a +2 flail of protection (chance to affect: 60%)
The gnoll resists with significant effort.
The gnoll barely misses you. x2
The gnoll throws a throwing net.
The throwing net completely misses you.
The gnoll hits you from afar with a +0 spear.
You see here a throwing net.
f - a throwing net The gnoll closely misses you.
Throw: throwing net
Press: ? - help, Q - select action, (/) - cycle Shift-Dir - straight line, f/p - gnoll
Aim: a gnoll, wielding a +2 flail of protection (65% to hit)
You throw a throwing net.
The throwing net barely misses the gnoll.
The throwing net hits the gnoll.
The gnoll is caught in the net!
The gnoll barely misses you.
The gnoll struggles against the net.
The gnoll barely misses you.
The gnoll struggles against the net.
The gnoll misses you. The gnoll misses you. The gnoll misses you.
The gnoll hits you from afar with a +0 spear.
Casting: Slow (safe; 3% risk of failure)
Confirm with . or Enter, or press ? or * to list all spells.
Aiming: Slow (safe; 3% risk of failure)
Press: ? - help, Shift-Dir - straight line, f - gnoll, p - gnoll
Aim: a gnoll, wielding a +0 spear (chance to affect: 60%)
The gnoll resists with significant effort.
The gnoll hits you from afar with a +0 spear!
* * * LOW HITPOINT WARNING * * *
Okay, then.
The flow of time bends around you. The gnoll hits you but does no damage.
The gnoll completely misses you.
The gnoll hits you from afar with a +0 spear!
You die...

#{# #.# #g#
#.# #g# #.#
#ggg....#
#g#
#.#######
#.# #g# {
#.#
########g#
{#..†..@..#
##.#######
#.#
#.########
#........#
#.....####
#.##.....#
#.#....###
#.#.##.#


You could see a gnoll.

Vanquished Creatures
  3 adders (D:2)
  2 worms (D:2)
  7 endoplasms
  A giant cockroach (D:1)
  2 goblins
  3 hobgoblins
  5 jackals
  3 quokkas (D:1)
  4 ball pythons
  3 bats
  4 frilled lizards
  6 kobolds
  6 rats
49 creatures vanquished.

Notes
Turn   | Place    | Note
-------+----------+-------------------------------------------
     0 | D:1      | croobank the Formicid Hexslinger began the quest for the
                  | Orb.
     0 | D:1      | Reached XP level 1. HP: 15/15 MP: 2/2
   232 | D:1      | Reached XP level 2. HP: 21/21 MP: 3/3
   616 | D:1      | Reached XP level 3. HP: 26/26 MP: 5/5
   620 | D:1      | Learned a level 3 spell: Inner Flame
   632 | D:1      | Found a faded altar of an unknown god.
   696 | D:1      | Prayed at the altar of an unknown god.
   696 | D:1      | Became a worshipper of Cheibriados the Contemplative
   696 | D:1      | Reached * piety under Cheibriados
   738 | D:2      | Found Vifuargh's Armour Shoppe.
   772 | D:2      | Reached skill level 4 in Hexes
   783 | D:2      | Gained mutation: Your magical capacity is low. (-10% MP)
                  | [potion of mutation]
   783 | D:2      | Gained mutation: Your muscles are strong. (Str +4, Int/Dex
                  | -1) [potion of mutation]
  1094 | D:2      | Reached XP level 4. HP: 33/33 MP: 6/6
  1149 | D:2      | Reached ** piety under Cheibriados
  1757 | D:3      | Slain by a gnoll

Illustrated notes

Levels and vault maps discovered:
D:1:      dpeg_arrival_rhombus, layout_basic, shapermc_ecumenical_altar_ellora
D:2:      layout_loops_cross, serial_shops, shop
D:3:      layout_basic, lightli_sewer_entry_pipes, minmay_misc_feat_enclosed

Skill      XL: |  1  2  3  4 |
---------------+-------------+-----
Dodging        | 2 |  2.4
Hexes          | 4 |  4.2
Fighting       | 2 |  2.0
Ranged Weapons | |  2.7
Spellcasting   | |  1.9

Action                     |  1- 3 |  4- 6 || total
---------------------------+-------+-------++-------
  Melee: Short sword       |    35 |       ||    35
   Fire: Sling             |    58 |    56 ||   114
  Throw: Throwing net      |       |     1 ||     1
   Cast: Slow              |    14 |     5 ||    19
 Invoke: Bend Time         |       |     1 ||     1
    Use: Potion            |     4 |       ||     4
         Scroll            |       |     6 ||     6
   Stab: Invisible         |     1 |       ||     1
 Armour: Robe              |     6 |     3 ||     9
         Skin              |     7 |       ||     7
  Dodge: Dodged            |    28 |    29 ||    57
